 Dungeon Crawl Stone Soup version 0.30.1-11-g7821555f0a (webtiles) character file.

Game seed: 10133156139162227766

116 lonewolfV2 the Trooper (level 5, -2/43 HPs)
             Began as a Formicid Fighter on Nov 15, 2023.
             Slain by an orc
             ... wielding a +0 dagger
              (3 damage)
             ... on level 3 of the Dungeon.
             The game lasted 00:01:47 (1826 turns).

lonewolfV2 the Trooper (Formicid Fighter)           Turns: 1826, Time: 00:01:47

Health: -2/43      AC: 14    Str: 22    XL:     5   Next: 20%
Magic:  5/5        EV:  9    Int:  8    God:
Gold:   97         SH:  5    Dex: 13    Spells: 4/4 levels left

rFire   . . .        l - +0 great mace (protect)
rCold   . . .        c - +0 buckler
rNeg    . . .        b - +0 scale mail
rPois   .            (helmet unavailable)
rElec   .            (no cloak)
rCorr   .            (no gloves)
SInv    +            (no boots)
Will    .....        (no amulet) Stlth
                     (no ring)
HPRegen 0.27/turn    (no ring)
MPRegen 0.09/turn

%: no passive effects
@: under a protective aura
A: permanent stasis, dig shafts and tunnels, antennae 3, four strong arms
a: Dig, Shaft Self


You were on level 3 of the Dungeon.
You visited 1 branch of the dungeon, and saw 3 of its levels.

You collected 97 gold pieces.

Inventory:

Hand Weapons
 a - a +0 war axe
 l - a +0 great mace of protection (weapon)
Armour
 b - a +0 scale mail (worn)
 c - a +0 buckler (worn)
Jewellery
 j - a +6 ring of strength
Potions
 d - a potion of might
 e - 4 potions of curing {unknown}
 g - 3 potions of haste
 h - a potion of brilliance {unknown}
 i - a potion of flight {unknown}
 k - a potion of lignification {unknown}


   Skills:
 + Level 4.8 Fighting
 - Level 2.0 Axes
 + Level 4.8 Armour
 - Level 4.0 Shields


You had 4 spell levels left.
You didn't know any spells.
Your spell library contained the following spells:

 Spells                   Type           Power      Damage    Failure   Level
 Slow                     Hex            0%         N/A       78%         1
 Confusing Touch          Hex            0%         N/A       98%         3
 Vampiric Draining        Necr           0%         2d6       98%         3


Dungeon Overview and Level Annotations

Branches:
Dungeon (3/15)

Altars:


Innate Abilities, Weirdness & Mutations

You cannot be hasted, slowed, berserked, paralysed or teleported.
You can dig through walls and to a lower floor.
You have a pair of large antennae on your head. (SInv)
Your four strong arms can wield two-handed weapons with a shield.


Message History

A ball python comes into view.
An orc comes into view. It is wielding a +0 dagger.
The orc throws a boomerang.
The boomerang barely misses you.
There are monsters nearby!
There are monsters nearby!
The ball python hisses angrily.
The orc shouts!
The orc throws a boomerang.
You block the boomerang.
The orc priest mumbles some strange prayers to Beogh against you.
Beogh smites you!
The orc priest hits you with a +0 trident.
You hit the orc priest.
Your weapon exudes an aura of protection.
The orc priest is moderately wounded.
The orc priest mumbles some strange prayers to Beogh against you.
Beogh smites you! The orc priest closely misses you.
You closely miss the orc priest.
The orc priest is moderately wounded.
The orc priest barely misses you.
You hit the orc priest.
Your weapon exudes an aura of protection.
The orc priest is severely wounded.
The orc priest hits you but does no damage.
The orc priest calls down the wrath of Beogh upon you.
Beogh smites you!
* * * LOW HITPOINT WARNING * * *
You sock the orc priest!
You kill the orc priest!
The ball python bites you but does no damage.
The ball python grabs you. The ball python constricts you.
You have reached level 5!
You barely miss the ball python. The ball python barely misses you.
The ball python constricts you. The ball python bites you.
* * * LOW HITPOINT WARNING * * *
The ball python constricts you. You block the orc's attack.
You thump the ball python!
You kill the ball python!
The orc throws a boomerang.
The boomerang hits you but does no damage.
You block the orc's attack. The orc hits you with a +0 dagger.
You die...

.......
.......
.......
.......
.....!.
##o......
#.o.# #o###
... #@#
...####.#
.........###
..##.......#
..........#
##.......##
.#........#
...#.....##
##..^....#


You could see 3 orcs.

Vanquished Creatures
  An orc priest (D:3)
  Jessica (D:2)
  Terence (D:2)
  4 dart slugs
  An endoplasm (D:2)
  2 giant cockroaches
  3 goblins
  3 hobgoblins
  2 quokkas (D:2)
  6 ball pythons
  2 frilled lizards (D:1)
  2 kobolds
  3 rats
31 creatures vanquished.

Notes
Turn   | Place    | Note
-------+----------+-------------------------------------------
     0 | D:1      | lonewolfV2 the Formicid Fighter began the quest for the
                  | Orb.
     0 | D:1      | Reached XP level 1. HP: 18/18 MP: 1/1
   215 | D:1      | Reached XP level 2. HP: 24/24 MP: 2/2
  1209 | D:2      | Reached XP level 3. HP: 30/30 MP: 3/3
  1219 | D:2      | Noticed Terence
  1232 | D:2      | Killed Terence
  1233 | D:2      | Reached XP level 4. HP: 22/37 MP: 4/4
  1433 | D:2      | Noticed Jessica
  1450 | D:2      | Killed Jessica
  1823 | D:3      | HP: 1/38 [orc priest/divine providence (14)]
  1825 | D:3      | Reached XP level 5. HP: 1/43 MP: 5/5
  1826 | D:3      | Slain by an orc

Illustrated notes

Levels and vault maps discovered:
D:1:      dpeg_arrival_round_a, layout_basic
D:2:      layout_basic, serial_glass, glass_columns_a, glass_columns_a,
          uniq_jessica, uniq_terence
D:3:      layout_rooms, ebering_ecumenical_altar_petrified, portal_sewer_entry_c

Skill      XL: |  1  2  3 |
---------------+----------+-----
Fighting       | 4 |  4.8
Armour         | 4 |  4.8
Axes           | |  2.0
Shields        | |  4.0

Action                     |  1- 3 |  4- 6 || total
---------------------------+-------+-------++-------
  Melee: War axe           |    56 |    13 ||    69
         Great mace        |       |    21 ||    21
    Use: Scroll            |     2 |     1 ||     3
 Armour: Scale mail        |    21 |    12 ||    33
  Dodge: Dodged            |    32 |    15 ||    47
  Block: Buckler           |    12 |    12 ||    24
